 Dungeon Sprint DCSS version 0.19.0-9-gfd783f2 (webtiles) character file.

3828 LORDOFBUTT the Ninja (level 9, -11/41 HPs)
             Began as a Spriggan Assassin on Nov 7, 2016.
             Was a Priest of Dithmenos.
             Mangled by a wandering mushroom (16 damage)
             ... in the Dungeon (Sprint III: "The Ten Rune Challenge").
             The game lasted 00:03:00 (555 turns).

LORDOFBUTT the Ninja (Spriggan Assassin)             Turns: 555, Time: 00:03:01

Health: -11/41     AC:  3    Str:  9    XL:     9   Next: 97%
Magic:  16/16      EV: 17    Int: 13    God:    Dithmenos [***...]
Gold:   55         SH:  0    Dex: 18    Spells: 0 memorised, 8 levels left

rFire  . . .     SeeInvis +     a - +2 dagger
rCold  . . .     Gourm    .     c - +0 robe
rNeg   . . .     Faith    .     (shield restricted)
rPois  .         Spirit   .     (helmet restricted)
rElec  .         Reflect  .     d - +0 cloak
rCorr  .         Harm     .     (gloves unavailable)
MR     +....     NoTele   +     (boots unavailable)
Stlth  +++++.....               (no amulet)
                                (no ring)
                                (no ring)

@: confused, wreathed by umbra, very quick
A: unfitting armour, see invisible, herbivore 3, speed 3, slow metabolism 2
a: Shadow Step, Renounce Religion


You were in the Dungeon.
You worshipped Dithmenos.
Dithmenos was most pleased with you.
You were not hungry.

You visited 1 branch You collected 55 gold pieces.

Inventory:

Hand Weapons
 a - a +2 dagger (weapon)
 b - a +0 blowgun
Missiles
 e - 8 poisoned needles
 f - a curare-tipped needle
Armour
 c - a +0 robe (worn)
 d - a +0 cloak (worn)
Scrolls
 m - a scroll of blinking
 o - 2 scrolls of immolation {unknown}
 p - 2 scrolls of identify {unknown}
 q - 3 scrolls of remove curse
Potions
 h - a potion of curing
 i - a potion of heal wounds
 j - a potion of haste
 k - 2 potions of magic
 l - 3 potions of berserk rage
 n - 2 potions of mutation {unknown}
 r - a potion of cure mutation {unknown}
 s - a potion of flight {unknown}
 u - a potion of degeneration {unknown}
 v - a potion of cancellation {unknown}
 x - 2 potions of might
 z - a potion of agility {unknown}
Books
 w - a book of Air

   Spells                             Type                      Level
   a - Shock                          Conjuration/Air              1
   b - Swiftness                      Charms/Air                   2
   c - Repel Missiles                 Charms/Air                   2
   d - Static Discharge               Conjuration/Air              3
   e - Lightning Bolt                 Conjuration/Air              5
Comestibles
 g - a bread ration
 t - 2 royal jellies


   Skills:
 - Level 1.5 Fighting
 + Level 7.4 Short Blades
 - Level 2.0 Throwing
 - Level 1.5 Dodging
 O Level 27 Stealth
 * Level 9.1 Invocations


You had 8 spell levels left.
You didn't know any spells.

Dungeon Overview and Level Annotations

Branches:
Dungeon (1/1)

Altars:
Cheibriados
Dithmenos
Elyvilon
Fedhas
Gozag
Hepliaklqana
Kikubaaqudgha
Makhleb
Nemelex Xobeh
Okawaru
Qazlal
Ru
Sif Muna
Trog
Uskayaw
Vehumet
Xom
Yredelemnul
Zin
The Shining One
Beogh
Jiyva
Lugonu

Shops:
D }


Innate Abilities, Weirdness & Mutations

You are very small and have problems with some larger weapons.
You are too small for most types of armour.
You have supernaturally acute eyesight. (SInv)
You are a herbivore.
You cover ground extremely quickly.
You need consume almost no food.


Message History

Press: ? - help, Shift-Dir - straight line, f - wandering mushroom
Aim: a wandering mushroom (umbra)
You shoot a curare-tipped needle.
The curare-tipped needle hits the wandering mushroom.
Wield which item (- for none, * to show all)? (? for menu, Esc to quit)
a - a +2 dagger (weapon)
You hit the wandering mushroom but do no damage.
The wandering mushroom barely misses you.
You hit the wandering mushroom.
The wandering mushroom is lightly damaged.
The wandering mushroom releases spores at you!!
You are engulfed in a cloud of spores!
You are confused.
You bump into the unnaturally hard rock wall.
The wandering mushroom releases spores at you!
* * * LOW HITPOINT WARNING * * *
You are engulfed in a cloud of spores!
Unknown command.
The wandering mushroom releases spores at you!
You die...

...'.⌠........#$∩#
...#...######'#$$#
...#.⌠.#__#...#o#################
...#...#__#...#o.≈§§o.#.+...'.#.#
...#'###__#...#.#§§≈#§#.#...##.#.
...#.))#__#...'.#§§§#.#.#)..#.#.#
...#___#__'...#.#.).#...#)).##.#.
▓▓▓▓▓▓▓▓▓▓▓▓▓▓▓▓▓▓▓▓▓▓▓▓▓▓▓▓#.#.#
♣≈≈≈.f@.....≈≈≈...##.#.
+♣≈≈≈≈≈≈≈≈≈≈≈≈♣♣P.'.#.#
♣♣♣♣♣♣♣♣♣♣♣♣♣♣♣PP##.#. ♣♣♣##+##


You could see a wandering mushroom.

Vanquished Creatures
  A centaur warrior (D)
  Erica (D)
  An unseen horror (D)
  A deep elf mage (D)
  2 wandering mushrooms (D)
  A shadow (D)
  A spatial vortex (D)
  A necrophage (D)
  2 centaurs (D)
  An earth elemental (D)
  A water elemental (D)
  A scorpion (D)
  A jelly (D)
  A wizard (D)
  Jessica (D)
  A necromancer (D)
  3 humans (D)
  A kobold demonologist (D)
  An ooze (D)
  2 rats (D)
25 creatures vanquished.

Vanquished Creatures (others)
  2 draconian scorchers (D)
  A yaktaur (D)
  6 hellions (D)
9 creatures vanquished.

Grand Total: 34 creatures vanquished

Notes
Turn   | Place    | Note
-------+----------+-------------------------------------------
     0 | D        | LORDOFBUTT the Spriggan Assassin began the quest for the Orb.
     0 | D        | Reached XP level 1. HP: 10/10 MP: 2/2
     9 | D        | Reached skill level 8 in Stealth
    30 | D        | Noticed Jessica
    35 | D        | Killed Jessica
    35 | D        | Reached skill level 11 in Stealth
    35 | D        | Reached XP level 2. HP: 14/14 MP: 3/3
    35 | D        | Reached XP level 3. HP: 18/18 MP: 4/4
    53 | D        | Killed a yaktaur
    61 | D        | Noticed a scorpion
    64 | D        | Killed a scorpion
    64 | D        | Reached skill level 13 in Stealth
    64 | D        | Reached XP level 4. HP: 22/22 MP: 5/5
    93 | D        | Reached skill level 14 in Stealth
   148 | D        | Killed a hellion
   158 | D        | Killed a hellion
   159 | D        | Killed a hellion
   160 | D        | Killed a hellion
   160 | D        | Killed a hellion
   161 | D        | Killed a hellion
   215 | D        | Noticed a water elemental
   218 | D        | Killed a water elemental
   218 | D        | Reached skill level 15 in Stealth
   218 | D        | Reached XP level 5. HP: 25/25 MP: 6/6
   221 | D        | Found a glowing silver altar of Zin.
   221 | D        | Found a glowing golden altar of the Shining One.
   221 | D        | Found a white marble altar of Elyvilon.
   222 | D        | Noticed a deep elf mage
   224 | D        | Killed a deep elf mage
   224 | D        | Reached skill level 21 in Stealth
   224 | D        | Reached XP level 6. HP: 30/30 MP: 7/7
   224 | D        | Reached XP level 7. HP: 33/33 MP: 8/8
   231 | D        | Found a radiant altar of Vehumet.
   231 | D        | Found a deep blue altar of Sif Muna.
   231 | D        | Found an ancient bone altar of Kikubaaqudgha.
   247 | D        | Found a hide-covered altar of Uskayaw.
   247 | D        | Found a roughly hewn altar of Beogh.
   247 | D        | Found an iron altar of Okawaru.
   247 | D        | Found a bloodstained altar of Trog.
   247 | D        | Noticed a human
   247 | D        | Noticed a human
   250 | D        | Killed a human
   250 | D        | Reached skill level 22 in Stealth
   251 | D        | Killed a human
   251 | D        | Reached skill level 23 in Stealth
   264 | D        | Found a basalt altar of Yredelemnul.
   264 | D        | Found a shadowy altar of Dithmenos.
   264 | D        | Found a sacrificial altar of Ru.
   271 | D        | Became a worshipper of Dithmenos the Shadowed
   277 | D        | Noticed a shadow
   281 | D        | Killed a shadow
   281 | D        | Reached skill level 24 in Stealth
   281 | D        | Reached XP level 8. HP: 37/37 MP: 9/9
   290 | D        | Found a blossoming altar of Fedhas.
   290 | D        | Found a stormy altar of Qazlal.
   291 | D        | Found a snail-covered altar of Cheibriados.
   291 | D        | Found a burning altar of Makhleb.
   291 | D        | Found a hazy altar of Hepliaklqana.
   291 | D        | Found a shimmering altar of Xom.
   291 | D        | Found an opulent altar of Gozag.
   291 | D        | Found a sparkling altar of Nemelex Xobeh.
   291 | D        | Found a corrupted altar of Lugonu.
   291 | D        | Found a viscous altar of Jiyva.
   294 | D        | Reached * piety under Dithmenos
   307 | D        | Noticed Erica
   310 | D        | Killed Erica
   310 | D        | Reached skill level 26 in Stealth
   320 | D        | Reached XP level 9. HP: 41/41 MP: 10/10
   327 | D        | Noticed a centaur warrior
   330 | D        | Reached ** piety under Dithmenos
   332 | D        | Killed a centaur warrior
   332 | D        | Reached skill level 27 in Stealth
   332 | D        | Reached skill level 5 in Short Blades
   340 | D        | Killed a white draconian scorcher
   353 | D        | Killed a white draconian scorcher
   472 | D        | Found Makir's Gadget Boutique.
   515 | D        | Noticed an unseen horror
   517 | D        | Killed an unseen horror
   532 | D        | Noticed a wandering mushroom
   536 | D        | Noticed a wandering mushroom
   538 | D        | Noticed a wandering mushroom
   540 | D        | Killed a wandering mushroom
   545 | D        | Killed a wandering mushroom
   545 | D        | Reached *** piety under Dithmenos
   555 | D        | Mangled by a wandering mushroom

Skill      XL: |  1  2  3  4  5  6  7  8  9 |
---------------+----------------------------+-----
Stealth        | 11 13 15 21 24 26 27 | 27.0
Short Blades   | 7 |  7.4
Invocations    | 9 |  9.1
Fighting       | |  1.5
Throwing       | |  2.0
Dodging        | |  1.5

Action                   |  1- 3 |  4- 6 |  7- 9 || total
-------------------------+-------+-------+-------++-------
Melee: Dagger            |     5 |    21 |    20 ||    46
 Fire: Blowgun           |       |     2 |     1 ||     3
 Stab: Sleeping          |     5 |     2 |    17 ||    24
Dodge: Dodged            |       |    10 |     1 ||    11
